 Dungeon Crawl Stone Soup version 0.18.1-48-g4cf74bf (webtiles) character file.

7525 raph the Carver (level 10, -14/93 HPs)
             Began as a Minotaur Fighter on June 25, 2016.
             Was an Elder of Zin.
             Demolished by Ratgod's ghost (16 damage)
             ... on level 1 of the Lair of Beasts.
             The game lasted 00:21:14 (9023 turns).

raph the Carver (Minotaur Fighter)                  Turns: 9023, Time: 00:21:15

Health: -14/93     AC: 15    Str: 24    XL:     10   Next: 95%
Magic:  11/12      EV: 14    Int:  7    God:    Zin [****..]
Gold:   391        SH:  2    Dex: 14    Spells: 0 memorised, 9 levels left

rFire  + . .     SeeInvis .     t - +2 great sword
rCold  . . .     Gourm    .     D - +0 plate armour
rNeg   . . .     Faith    .     (shield currently unavailable)
rPois  ∞         Spirit   .     (helmet restricted)
rElec  .         Dismiss  .     (no cloak)
rCorr  .         Reflect  +     p - +0 pair of gloves
SustAt .         Harm     .     (no boots)
MR     .....                    u - +2 amulet of reflection
Stlth  ..........               q - +5 ring of evasion
                                e - ring of protection from fire

@: vitalised, not resistant to hostile enchantments, extremely unstealthy
A: retaliatory headbutt, horns 2
a: Recite, Vitalisation, Imprison, Donate Gold, Renounce Religion


You were on level 1 of the Lair of Beasts.
You worshipped Zin.
Zin was greatly pleased with you.
You were hungry.

You visited 2 branches of the dungeon, and saw 11 of its levels.

You collected 434 gold pieces.
You donated 43 gold pieces to Zin.

Inventory:

Hand Weapons
 a - a +1 long sword
 t - a +2 great sword (weapon)
 x - a +0 arbalest
Missiles
 i - 3 javelins (quivered)
 H - 19 bolts
Armour
 b - a +0 scale mail
 c - a +0 shield
 p - a +0 pair of gloves (worn)
 r - a +0 chain mail
 D - a +0 plate armour (worn)
Jewellery
 e - a ring of protection from fire (left hand)
 q - a +5 ring of evasion (right hand)
 u - a +2 amulet of reflection (around neck)
 O - the amulet of Radeom {Dismiss rN+ Int+2}
   (You found it on level 9 of the Dungeon)

   [amulet of dismissal]

   It may teleport away creatures that harm you.
   It affects your intelligence (+2).
   It protects you from negative energy.
 R - an uncursed ring of flight {unknown}
Wands
 B - a wand of enslavement (2/24)
 F - a wand of flame (28/48)
 J - a wand of lightning (8/15)
Scrolls
 o - 5 scrolls of blinking
 s - a scroll of recharging
 v - 3 scrolls of teleportation
 w - 3 scrolls of identify
 y - a scroll of fog
 C - 3 scrolls of remove curse
 N - a scroll of amnesia
Potions
 d - 5 potions of might
 j - 2 potions of curing
 l - 3 potions of flight
 n - 2 potions of haste
 z - a potion of resistance
 A - a potion of heal wounds
 G - a potion of berserk rage
 I - 2 potions of lignification
 K - a potion of cancellation
 M - a potion of cure mutation
 Q - a potion of magic
 S - a potion of mutation
Books
 E - a book of Dreams

   Spells                             Type                      Level
   a - Ensorcelled Hibernation        Hexes/Ice                    2
   b - Silence                        Hexes/Air                    5
   c - Darkness                       Hexes                        6
   d - Shadow Creatures               Summoning                    6
Comestibles
 f - 9 bread rations
 g - a meat ration
 h - 6 beef jerkies
 k - 6 slices of pizza
 m - 2 royal jellies
 L - 5 chunks of flesh


   Skills:
 + Level 9.9 Fighting
 * Level 12.8 Long Blades
 + Level 9.8 Armour
 + Level 4.7 Dodging
 - Level 3.6 Shields
 + Level 5.3 Invocations


You had 9 spell levels left.
You didn't know any spells.

Dungeon Overview and Level Annotations

Branches:
Dungeon (10/15)            Temple (0/1) D:4            Lair (1/8) D:10
    Orc (0/2) D:10

Altars:
Ashenzari
Gozag
Makhleb
Nemelex Xobeh
Okawaru
Qazlal
Sif Muna
Trog
Vehumet
Xom
Yredelemnul
Zin
The Shining One
Beogh

Annotations:
Lair:1 Ratgod's ghost, novice TrMo


Innate Abilities, Weirdness & Mutations

You reflexively headbutt those who attack you in melee.
You have a pair of horns on your head.


Message History

Ratgod's ghost is heavily damaged.
Ratgod's ghost hits you!!
* * * LOW HITPOINT WARNING * * *
You slice Ratgod's ghost!! You headbutt Ratgod's ghost!
Ratgod's ghost is severely damaged.
Ratgod's ghost closely misses you.
You barely miss Ratgod's ghost.
Ratgod's ghost is severely damaged.
Ratgod's ghost hits you but does no damage.
Drink which item? (? for menu, Esc to quit)
You feel much better. Ratgod's ghost hits you!!
* * * LOW HITPOINT WARNING * * *
You miss Ratgod's ghost. Your headbutt misses Ratgod's ghost.
Ratgod's ghost is severely damaged.
Ratgod's ghost closely misses you. You furiously retaliate!
You headbutt Ratgod's ghost. You closely miss Ratgod's ghost.
You headbutt Ratgod's ghost.
Ratgod's ghost is almost destroyed.
Ratgod's ghost hits you!
You die...

≈≈≈≈≈≈≈≈♣.... ≈≈≈≈≈≈≈≈♣...
≈≈≈≈≈≈≈≈≈♣.. ≈≈≈≈≈≈P≈P..##
P≈≈≈≈≈≈PP≈...##### #P..#
PP≈≈≈≈≈≈≈P........ ...#
P≈≈≈≈≈≈≈≈P........ ...#
≈≈≈.P≈≈≈≈W@# #..##
PP.....P†≈.## ### ##..P#
............#####.###...#
........................#
........................##
###########..####P.###...#
#####..#####.###..##
..................(#
...................#


You could see Ratgod's ghost.

Vanquished Creatures
  The ghost of Freeplumber the Skirmisher, a novice HOCK of Xom (D:5)
  Joseph (D:8)
  The ghost of Malvoorn the Carver, a novice VSFi of Ashenzari (D:6)
  2 two-headed ogres
  8 yaks
  The ghost of Thrillho the Conjurer, an amateur DECj (D:4)
  A wraith (D:10)
  A hog (D:8)
  A human (D:8)
  4 hippogriffs
  5 orc warriors
  A necrophage (D:6)
  A sky beast (D:5)
  A phantom (D:4)
  4 ogres
  A crocodile (D:9)
  5 centaurs
  The ghost of Thrillho the Changer, an amateur OpTm (D:3)
  A big kobold (D:9)
  3 giant frogs
  A wyvern skeleton (D:9)
  3 scorpions
  5 killer bees (D:8)
  2 electric eels (Lair:1)
  A howler monkey (D:4)
  3 crimson imps
  A giant frog zombie (D:9)
  A centaur zombie (D:4)
  5 hounds
  2 jellies
  A quasit (D:8)
  2 giant frog skeletons (D:8)
  A centaur skeleton (D:9)
  9 orc priests
  3 iguanas
  Natasha (thrice) (D:4)
  6 orc wizards
  6 worker ants
  3 sheep (D:8)
  2 hound zombies
  2 hound skeletons
  2 worker ant zombies (D:5)
  3 gnolls (D:4)
  13 adders
  3 shadow imps
  An adder zombie (D:9)
  3 worms (D:2)
  A dart slug (D:1)
  2 giant geckos
  48 orcs
  6 bats
  4 giant cockroaches
  9 goblins
  12 hobgoblins
  4 jackals
  6 kobolds
  3 quokkas
  2 ball pythons
  A giant gecko skeleton (D:4)
  3 giant newts
  9 rats
  A butterfly (D:4)
242 creatures vanquished.

Vanquished Creatures (others)
  A plant (Lair:1)
1 creature vanquished.

Grand Total: 243 creatures vanquished

Notes
Turn   | Place    | Note
--------------------------------------------------------------
     0 | D:1      | raph the Minotaur Fighter began the quest for the Orb.
     0 | D:1      | Reached XP level 1. HP: 19/19 MP: 0/0
    96 | D:1      | Reached skill level 3 in Long Blades
   201 | D:1      | Reached XP level 2. HP: 26/26 MP: 1/1
   607 | D:2      | Reached skill level 4 in Long Blades
   664 | D:2      | Reached XP level 3. HP: 17/31 MP: 2/2
  1006 | D:2      | Found a glowing silver altar of Zin.
  1014 | D:2      | Became a worshipper of Zin the Law-Giver
  1127 | D:2      | Found a radiant altar of Vehumet.
  1189 | D:2      | Reached skill level 5 in Long Blades
  1338 | D:2      | Found a deep blue altar of Sif Muna.
  1497 | D:2      | Reached XP level 4. HP: 39/39 MP: 3/3
  2012 | D:3      | Noticed Thrillho's ghost (amateur OpTm)
  2070 | D:3      | Killed Thrillho's ghost
  2070 | D:3      | Reached skill level 6 in Long Blades
  2070 | D:3      | Reached XP level 5. HP: 20/45 MP: 4/4
  2211 | D:3      | Reached skill level 7 in Long Blades
  2587 | D:4      | Noticed an ogre
  2598 | D:4      | Killed an ogre
  2598 | D:4      | Reached XP level 6. HP: 8/52 MP: 5/5
  2874 | D:4      | Found a sparkling altar of Nemelex Xobeh.
  2882 | D:4      | Noticed Thrillho's ghost (amateur DECj)
  2992 | D:4      | Reached * piety under Zin
  3155 | D:4      | Found a staircase to the Ecumenical Temple.
  3173 | D:4      | Found a bloodstained altar of Trog.
  3256 | D:4      | Noticed Natasha
  3258 | D:4      | Killed Natasha
  3264 | D:4      | Noticed Natasha
  3268 | D:4      | Killed Natasha
  3282 | D:4      | Killed Thrillho's ghost
  3282 | D:4      | Reached skill level 5 in Fighting
  3282 | D:4      | Reached skill level 8 in Long Blades
  3282 | D:4      | Reached skill level 5 in Armour
  3282 | D:4      | Reached XP level 7. HP: 30/61 MP: 6/6
  3305 | D:4      | Noticed Natasha
  3308 | D:4      | Killed Natasha
  3740 | D:5      | Entered Level 5 of the Dungeon
  3820 | D:5      | Found an opulent altar of Gozag.
  3870 | D:5      | Reached XP level 8. HP: 71/71 MP: 7/7
  4388 | D:5      | Noticed Freeplumber's ghost (novice HOCK)
  4402 | D:5      | Killed Freeplumber's ghost
  4402 | D:5      | Reached ** piety under Zin
  4402 | D:5      | Reached skill level 9 in Long Blades
  4645 | D:5      | Found a basalt altar of Yredelemnul.
  4826 | D:6      | Found a stormy altar of Qazlal.
  4925 | D:6      | Noticed Malvoorn's ghost (novice VSFi)
  4930 | D:6      | Killed Malvoorn's ghost
  4930 | D:6      | Reached skill level 1 in Invocations
  4994 | D:6      | Reached skill level 10 in Long Blades
  4994 | D:6      | Reached XP level 9. HP: 81/81 MP: 7/9
  5569 | D:7      | Found a shimmering altar of Xom.
  5589 | D:7      | Found a burning altar of Makhleb.
  5804 | D:7      | Found a glowing golden altar of the Shining One.
  6023 | D:8      | Reached skill level 11 in Long Blades
  6225 | D:8      | Reached skill level 1 in Dodging
  6334 | D:8      | Reached XP level 10. HP: 84/91 MP: 11/11
  6637 | D:8      | Noticed Joseph
  6649 | D:8      | Killed Joseph
  7055 | D:8      | Reached *** piety under Zin
  7440 | D:9      | Found an iron altar of Okawaru.
  7471 | D:9      | Reached skill level 12 in Long Blades
  7722 | D:9      | Got a scorched golden amulet
  7727 | D:9      | Identified the amulet of Radeom {Dismiss rN+ Int+2} (You found it on level 9 of the Dungeon)
  7877 | D:9      | Found a shattered altar of Ashenzari.
  8390 | D:10     | Entered Level 10 of the Dungeon
  8407 | D:10     | Reached **** piety under Zin
  8526 | D:10     | Found a staircase to the Orcish Mines.
  8527 | D:10     | Found a roughly hewn altar of Beogh.
  8529 | D:10     | Reached skill level 5 in Invocations
  8617 | D:10     | Found a sparkling altar of Nemelex Xobeh.
  8741 | D:10     | Found a staircase to the Lair.
  8925 | Lair:1   | Entered Level 1 of the Lair of Beasts
  9000 | Lair:1   | Noticed Ratgod's ghost (novice TrMo)
  9018 | Lair:1   | HP: 4/93 [Ratgod's ghost (29)]
  9023 | Lair:1   | Demolished by Ratgod's ghost

Skill      XL: |  1  2  3  4  5  6  7  8  9 10 |
---------------+-------------------------------+-----
Long Blades    | 3 4 5 6 7 8 10 11 12 | 12.8
Fighting       | 4 5 6 8 9 |  9.9
Armour         | 4 5 6 7 8 9 |  9.8
Invocations    | 1 3 5 |  5.3
Dodging        | 2 4 |  4.7
Shields        | |  3.6

Action                   |  1- 3 |  4- 6 |  7- 9 | 10-12 || total
-------------------------+-------+-------+-------+-------++-------
Melee: Long sword        |    85 |   146 |    91 |       ||   322
       Headbutt          |    12 |    26 |    56 |    45 ||   139
       Great sword       |       |       |   196 |   207 ||   403
Throw: Javelin           |       |       |     7 |     3 ||    10
Invok: Recite            |       |       |     4 |     2 ||     6
       Vitalisation      |       |       |     1 |     1 ||     2
  Use: Scroll            |     6 |     5 |     5 |    10 ||    26
       Potion            |       |       |       |     1 ||     1
 Stab: Sleeping          |       |     1 |       |       ||     1
       Confused          |       |       |     1 |     1 ||     2
  Eat: Chunk             |     2 |     3 |     8 |     5 ||    18
       Meat ration       |       |     1 |       |       ||     1
       Pizza             |       |       |       |     2 ||     2
Armor: Scale mail        |    25 |       |       |       ||    25
       Chain mail        |    30 |    70 |    76 |       ||   176
       Plate armour      |       |       |    47 |    92 ||   139
Dodge: Dodged            |     7 |    28 |   177 |   116 ||   328
Block: Shield            |    40 |    65 |    37 |       ||   142
       Other             |       |       |    20 |    11 ||    31
       Reflection        |       |       |       |     2 ||     2
